APL (24 & UNDER)
SAVANNAH HOGS @ STATE COLLEGE SPIKES
05/11/2029
 
TOP OF THE 1ST
Savannah Hogs batting - Pitching for State College Spikes : RHP Steve Pérez
Pitching: RHP Steve Pérez
Batting: RHB Jorge Chávez 0-0: Called Strike
0-1: Swinging Strike
0-2: Ball
1-2: Strikes out swinging
Batting: RHB Pedro Zavala 0-0: Ball
1-0: Swinging Strike
1-1: Called Strike
1-2: Ball
2-2: Strikes out looking
Batting: LHB Alberto Castellanos 0-0: Called Strike
0-1: Called Strike
0-2: Strikes out looking
Top of the 1st over - 0 runs, 0 hits, 0 errors, 0 left on base; Savannah 0 - State College 0
BOTTOM OF THE 1ST
State College Spikes batting - Pitching for Savannah Hogs : RHP Landon Bailey
Pitching: RHP Landon Bailey
Batting: RHB Norberto Márquez 0-0: Ball
1-0: Ground out 6-3 (Groundball, 6)
Batting: RHB Andrew Pinto 0-0: Called Strike
0-1: Foul Ball, location: 2F
0-2: Ball
1-2: Strikes out swinging
Batting: LHB Edward Norton 0-0: Called Strike
0-1: Ball
1-1: Ball
2-1: Foul Ball, location: 2F
2-2: Foul Ball, location: 2F
2-2: Ball
3-2: Strikes out swinging
Bottom of the 1st over - 0 runs, 0 hits, 0 errors, 0 left on base; Savannah 0 - State College 0
TOP OF THE 2ND
Savannah Hogs batting - Pitching for State College Spikes : RHP Steve Pérez
Batting: RHB Rick Holman 0-0: Called Strike
0-1: Called Strike
0-2: Ball
1-2: Strikes out swinging
Batting: SHB Juan Chávez 0-0: Called Strike
0-1: Foul Ball, location: 2F
0-2: Strikes out swinging
Batting: RHB Miguel Cervantes 0-0: Ball
1-0: Foul Ball, location: 2F
1-1: Ball
2-1: Ball
3-1: Foul Ball, location: 2F
3-2: Foul Ball, location: 2F
3-2: Fly out, F8 (Flyball, 89D)
Top of the 2nd over - 0 runs, 0 hits, 0 errors, 0 left on base; Savannah 0 - State College 0
BOTTOM OF THE 2ND
State College Spikes batting - Pitching for Savannah Hogs : RHP Landon Bailey
Batting: SHB Patrizio Batistuta 0-0: Ball
1-0: Foul Ball, location: 2F
1-1: Called Strike
1-2: Foul Ball, location: 2F
1-2: Foul Ball, location: 2F
1-2: Ball
2-2: Strikes out swinging
Batting: LHB Javier Morales 0-0: Foul Ball, location: 2F
0-1: Called Strike
0-2: Ground out 4-3 (Groundball, 4)
Batting: RHB Mike Hurt 0-0: SINGLE (Groundball, 56D)
Batting: LHB Wilson Turner 0-0: Ground out 6-3 (Groundball, 6)
Bottom of the 2nd over - 0 runs, 1 hit, 0 errors, 1 left on base; Savannah 0 - State College 0
TOP OF THE 3RD
Savannah Hogs batting - Pitching for State College Spikes : RHP Steve Pérez
Batting: RHB Pedro Sandoval 0-0: SINGLE (Groundball, 56D)
Batting: RHB Guillermo González 0-0: Fly out, F8 (Flyball, 8RS)
Batting: RHB Júlio Contreras 0-0: Called Strike
0-1: Swinging Strike
0-2: Ball
1-2: Fly out, F9 (Line Drive, 9)
Batting: RHB Jorge Chávez 0-0: Ball
1-0: Foul Ball, location: 2F
1-1: Ball
2-1: Ball
3-1: Called Strike
3-2: Base on Balls
Pedro Sandoval to second
Batting: RHB Pedro Zavala 0-0: Ball
1-0: Foul Ball, location: 2F
1-1: Ball
2-1: SINGLE (Groundball, 56D)
Pedro Sandoval to third
Jorge Chávez to second
Batting: LHB Alberto Castellanos 0-0: Ball
1-0: SINGLE (Groundball, 4D)
Pedro Sandoval scores
Jorge Chávez to third
Pedro Zavala to second
Runner from 3rd tries for Home, throw and OUT!
Top of the 3rd over - 1 run, 3 hits, 0 errors, 2 left on base; Savannah 1 - State College 0
BOTTOM OF THE 3RD
State College Spikes batting - Pitching for Savannah Hogs : RHP Landon Bailey
Batting: RHB Gustavo Martínez 0-0: Called Strike
0-1: Ball
1-1: Foul Ball, location: 2F
1-2: Strikes out swinging
Batting: RHB Héctor Villarreal 0-0: Called Strike
0-1: Swinging Strike
0-2: Ground out 6-3 (Groundball, 6)
Batting: RHB Norberto Márquez 0-0: Ball
1-0: Foul Ball, location: 2F
1-1: Ball
2-1: Ball
3-1: Swinging Strike
3-2: Base on Balls
Batting: RHB Andrew Pinto 0-0: Ball
Norberto Márquez steals 2nd base
1-0: Ball
2-0: Called Strike
2-1: Swinging Strike
2-2: Ball
3-2: Foul Ball, location: 2F
3-2: Foul Ball, location: 2F
3-2: Base on Balls
Batting: LHB Edward Norton 0-0: Ball
1-0: Ball
2-0: Swinging Strike
2-1: Swinging Strike
2-2: Strikes out swinging
Bottom of the 3rd over - 0 runs, 0 hits, 0 errors, 2 left on base; Savannah 1 - State College 0
TOP OF THE 4TH
Savannah Hogs batting - Pitching for State College Spikes : RHP Steve Pérez
Batting: RHB Rick Holman 0-0: Called Strike
0-1: Ball
1-1: Ball
2-1: Ball
3-1: Base on Balls
Batting: SHB Juan Chávez 0-0: Called Strike
0-1: Ball
1-1: Ball
2-1: Ball
3-1: Ground out U3 (Groundball, 3)
Rick Holman to second
Batting: RHB Miguel Cervantes 0-0: Foul Ball, location: 2F
0-1: Foul Ball, location: 2F
0-2: Ball
1-2: Foul Ball, location: 2F
1-2: Ball
Wild Pitch!
Rick Holman to third
2-2: Ball
3-2: SINGLE (Groundball, 56) (infield hit)
Rick Holman scores
Batting: RHB Pedro Sandoval 0-0: Ground out 3-1 (Groundball, 34)
Miguel Cervantes to second
Batting: RHB Guillermo González 0-0: SINGLE (Line Drive, 78S)
Miguel Cervantes to third
Batting: RHB Júlio Contreras 0-0: Ball
1-0: Ball
2-0: Called Strike
2-1: Called Strike
2-2: DOUBLE (Groundball, 5L)
Miguel Cervantes scores
Guillermo González to third
Batting: RHB Jorge Chávez 0-0: Foul Ball, location: 2F
0-1: SINGLE (Groundball, 6) (infield hit)
Guillermo González scores
Júlio Contreras to third
Batting: RHB Pedro Zavala 0-0: Called Strike
0-1: Swinging Strike
0-2: Foul Ball, location: 2F
0-2: Foul Ball, location: 2F
0-2: Foul Ball, location: 2F
0-2: Ball
1-2: Foul Ball, location: 2F
1-2: Strikes out swinging
Top of the 4th over - 3 runs, 4 hits, 0 errors, 2 left on base; Savannah 4 - State College 0
BOTTOM OF THE 4TH
State College Spikes batting - Pitching for Savannah Hogs : RHP Landon Bailey
Batting: SHB Patrizio Batistuta 0-0: Ball
1-0: Ball
2-0: Called Strike
2-1: Fly out, F1 (Line Drive, 15)
Batting: LHB Javier Morales 0-0: Called Strike
0-1: Fly out, F8 (Flyball, 8RS)
Batting: RHB Mike Hurt 0-0: Called Strike
0-1: Foul Ball, location: 2F
0-2: Ball
1-2: Ground out U3 (Groundball, 3)
Bottom of the 4th over - 0 runs, 0 hits, 0 errors, 0 left on base; Savannah 4 - State College 0
TOP OF THE 5TH
Savannah Hogs batting - Pitching for State College Spikes : RHP Steve Pérez
Batting: LHB Alberto Castellanos 0-0: DOUBLE (Flyball, 78D)
Batting: RHB Rick Holman 0-0: Called Strike
0-1: Called Strike
Alberto Castellanos steals 3rd base
0-2: Ball
1-2: Ball
2-2: Foul Ball, location: 2F
2-2: Foul Ball, location: 2F
2-2: Fly out, F7 (Flyball, 7D)
Runner from 3rd tags up, SCORES, no throw
Pitching: LHP Dan Brown
Batting: SHB Juan Chávez 0-0: Ball
1-0: SINGLE (Groundball, 4S) (infield hit)
Batting: RHB Miguel Cervantes 0-0: Ball
1-0: Called Strike
Juan Chávez steals 2nd base
1-1: Foul Ball, location: 2F
1-2: Foul Ball, location: 2F
1-2: Fly out, F7 (Flyball, 7LMF)
Batting: RHB Pedro Sandoval 0-0: Ball
1-0: Foul Ball, location: 2F
1-1: SINGLE (Flyball, 8RS)
Juan Chávez to third
Runner from 3rd tries for Home, SAFE, throw made home
Batting: RHB Guillermo González 0-0: Called Strike
0-1: Ball
1-1: Foul Ball, location: 2F
1-2: Ball
2-2: Strikes out swinging
Top of the 5th over - 2 runs, 3 hits, 0 errors, 1 left on base; Savannah 6 - State College 0
BOTTOM OF THE 5TH
State College Spikes batting - Pitching for Savannah Hogs : RHP Landon Bailey
Batting: LHB Wilson Turner 0-0: Ball
1-0: Foul Ball, location: 2F
1-1: Swinging Strike
1-2: Ball
2-2: Ball
3-2: Ground out 6-3 (Groundball, 6M)
Batting: RHB Gustavo Martínez 0-0: Called Strike
0-1: Fly out, F9 (Flyball, 9)
Batting: RHB Héctor Villarreal 0-0: Foul Ball, location: 2F
0-1: Called Strike
0-2: Ball
1-2: Strikes out swinging
Bottom of the 5th over - 0 runs, 0 hits, 0 errors, 0 left on base; Savannah 6 - State College 0
TOP OF THE 6TH
Savannah Hogs batting - Pitching for State College Spikes : LHP Dan Brown
Batting: RHB Júlio Contreras 0-0: Foul Ball, location: 2F
0-1: Fly out, F9 (Line Drive, 9)
Batting: RHB Jorge Chávez 0-0: Ball
1-0: SINGLE (Line Drive, 89S)
Batting: RHB Pedro Zavala 0-0: Ball
Jorge Chávez is caught stealing 2nd base
1-0: Swinging Strike
1-1: Ball
2-1: Called Strike
2-2: Foul Ball, location: 2F
2-2: Ball
3-2: Fly out, F9 (Flyball, 9D)
Top of the 6th over - 0 runs, 1 hit, 0 errors, 0 left on base; Savannah 6 - State College 0
BOTTOM OF THE 6TH
State College Spikes batting - Pitching for Savannah Hogs : RHP Landon Bailey
Batting: RHB Norberto Márquez 0-0: Reached on error, E5 (Groundball, 56S)
Batting: RHB Andrew Pinto 0-0: Swinging Strike
0-1: Ball
1-1: Ball
2-1: Foul Ball, location: 2F
2-2: Foul Ball, location: 2F
2-2: Ground out 5-3 (Groundball, 56S)
Norberto Márquez to third
Batting: LHB Edward Norton 0-0: Called Strike
0-1: Ball
1-1: Swinging Strike
1-2: Strikes out looking
Batting: SHB Patrizio Batistuta 0-0: Ball
1-0: Ball
2-0: Ball
3-0: Called Strike
3-1: Base on Balls
Pitching: RHP Francisco Rodríguez
Batting: LHB Javier Morales 0-0: Called Strike
0-1: Ball
1-1: SINGLE (Groundball, 34S) (infield hit)
Norberto Márquez scores
Patrizio Batistuta to second
Batting: RHB Mike Hurt 0-0: Called Strike
0-1: SINGLE (Line Drive, 5D)
Patrizio Batistuta to third
Javier Morales to second
Runner from 3rd tries for Home, SAFE, no throw
Batting: LHB Wilson Turner 0-0: Called Strike
0-1: Ground out 4-3 (Groundball, 4)
Bottom of the 6th over - 2 runs, 2 hits, 1 error, 2 left on base; Savannah 6 - State College 2
TOP OF THE 7TH
Savannah Hogs batting - Pitching for State College Spikes : LHP Dan Brown
Batting: LHB Alberto Castellanos 0-0: Ball
1-0: Foul Ball, location: 2F
1-1: Ball
2-1: Swinging Strike
2-2: SINGLE (Groundball, 4S) (infield hit)
Batting: RHB Rick Holman 0-0: Ball
Alberto Castellanos steals 2nd base
1-0: Intentional Walk
Batting: SHB Juan Chávez 0-0: SINGLE (Line Drive, 89S)
Alberto Castellanos to third
Rick Holman to second
Runner from 3rd tries for Home, SAFE, no throw
Batting: RHB Miguel Cervantes 0-0: Ball
1-0: Swinging Strike
1-1: SINGLE (Line Drive, 56)
Rick Holman to third
Juan Chávez to second
Batting: RHB Pedro Sandoval 0-0: SINGLE (Groundball, 56D)
Rick Holman scores
Juan Chávez to third
Miguel Cervantes to second
Batting: RHB Guillermo González 0-0: Grounds into double play, 6-4-3 (Groundball, 6)
Juan Chávez scores
Miguel Cervantes to third
Batting: RHB Júlio Contreras 0-0: Called Strike
0-1: Ball
1-1: Ball
2-1: Foul Ball, location: 2F
2-2: Strikes out swinging
Top of the 7th over - 3 runs, 4 hits, 0 errors, 1 left on base; Savannah 9 - State College 2
BOTTOM OF THE 7TH
State College Spikes batting - Pitching for Savannah Hogs : RHP Francisco Rodríguez
Batting: RHB Gustavo Martínez 0-0: Ball
1-0: Ball
2-0: Fly out, F3 (Popup, 3SF)
Batting: RHB Héctor Villarreal 0-0: Ball
1-0: Fly out, F8 (Flyball, 8RD)
Batting: RHB Norberto Márquez 0-0: Swinging Strike
0-1: Fly out, F8 (Line Drive, 78S)
Bottom of the 7th over - 0 runs, 0 hits, 0 errors, 0 left on base; Savannah 9 - State College 2
TOP OF THE 8TH
Savannah Hogs batting - Pitching for State College Spikes : LHP Dan Brown
Batting: RHB Jorge Chávez 0-0: Ball
1-0: Called Strike
1-1: Foul Ball, location: 2F
1-2: Ground out U3 (Groundball, 34)
Batting: RHB Pedro Zavala 0-0: Ground out 6-3 (Groundball, 6)
Batting: LHB Alberto Castellanos 0-0: Ball
1-0: Foul Ball, location: 2F
1-1: Fly out, F3 (Popup, 3D)
Top of the 8th over - 0 runs, 0 hits, 0 errors, 0 left on base; Savannah 9 - State College 2
BOTTOM OF THE 8TH
State College Spikes batting - Pitching for Savannah Hogs : RHP Francisco Rodríguez
Now at 3B: Luis González
Batting: RHB Andrew Pinto 0-0: Foul Ball, location: 2F
0-1: Ball
1-1: SINGLE (Groundball, 6MD)
Batting: LHB Edward Norton 0-0: Called Strike
0-1: DOUBLE (Line Drive, 78D)
Andrew Pinto to third
Batting: SHB Patrizio Batistuta 0-0: Ball
1-0: Foul Ball, location: 2F
1-1: Called Strike
1-2: Ball
Passed Ball!
Andrew Pinto scores
Edward Norton to third
2-2: Strikes out swinging
Batting: LHB Javier Morales 0-0: Ball
1-0: Foul Ball, location: 2F
1-1: Foul Ball, location: 2F
1-2: Foul Ball, location: 2F
1-2: Strikes out swinging
Batting: RHB Mike Hurt 0-0: Called Strike
0-1: Swinging Strike
0-2: Foul Ball, location: 2F
0-2: Foul Ball, location: 2F
0-2: Foul Ball, location: 2F
0-2: Ball
1-2: Ball
2-2: Ball
3-2: Base on Balls
Batting: LHB Wilson Turner 0-0: Ball
Wild Pitch!
Edward Norton scores
Mike Hurt to second
1-0: Ball
2-0: Ball
3-0: Base on Balls
Batting: RHB Gustavo Martínez 0-0: Foul Ball, location: 2F
0-1: Fly out, F3 (Popup, 3SF)
Bottom of the 8th over - 2 runs, 2 hits, 0 errors, 2 left on base; Savannah 9 - State College 4
TOP OF THE 9TH
Savannah Hogs batting - Pitching for State College Spikes : LHP Dan Brown
Pitching: RHP Luis Guerrero
Batting: RHB Rick Holman 0-0: Ball
1-0: Called Strike
1-1: SINGLE (Groundball, 56D)
Batting: SHB Juan Chávez 0-0: Swinging Strike
0-1: Foul Ball, location: 2F
0-2: Hit by Pitch
Rick Holman to second
Batting: RHB Miguel Cervantes 0-0: Ball
1-0: Ball
2-0: Foul Ball, location: 2F
2-1: Foul Ball, location: 2F
2-2: Grounds into double play, 4-6-3 (Groundball, 4)
Rick Holman to third
Batting: RHB Pedro Sandoval 0-0: SINGLE (Line Drive, 89S)
Rick Holman scores
Batting: RHB Guillermo González 0-0: Swinging Strike
0-1: Called Strike
0-2: Ball
1-2: Hit by Pitch
Pedro Sandoval to second
Batting: RHB Júlio Contreras 0-0: Called Strike
0-1: Fly out, F2 (Popup, 3SF)
Top of the 9th over - 1 run, 2 hits, 0 errors, 2 left on base; Savannah 10 - State College 4
BOTTOM OF THE 9TH
State College Spikes batting - Pitching for Savannah Hogs : RHP Francisco Rodríguez
Now at 1B: Juan Morales
Now at 2B: Ron Sims
Batting: RHB Héctor Villarreal 0-0: Ball
1-0: Ball
2-0: Fly out, F7 (Flyball, 7S)
Batting: RHB Norberto Márquez 0-0: Ball
1-0: Ball
2-0: Called Strike
2-1: Called Strike
2-2: Hit by Pitch
Batting: RHB Andrew Pinto 0-0: Ball
1-0: Called Strike
1-1: Ball
2-1: Swinging Strike
2-2: Ball
3-2: Ground out 5-3 (Groundball, 56S)
Norberto Márquez to second
Batting: LHB Edward Norton 0-0: Ball
1-0: Called Strike
1-1: Ball
2-1: Ball
3-1: Foul Ball, location: 2F
3-2: Foul Ball, location: 2F
3-2: Foul Ball, location: 2F
3-2: Foul Ball, location: 2F
3-2: Foul Ball, location: 2F
3-2: Strikes out swinging
Bottom of the 9th over - 0 runs, 0 hits, 0 errors, 1 left on base; Savannah 10 - State College 4
Saturday, December 16th, 2017 - OOTP Baseball 18.8 Build 76